3AAA
BRINKLEY BELUGAS @ HIALEAH DODOS
05/09/2028
 
TOP OF THE 1ST
Brinkley Belugas batting - Pitching for Hialeah Dodos : RHP Benny York
Pitching: RHP Benny York
Batting: LHB Marcos Deleón 0-0: Ball
1-0: Ball
2-0: Foul Ball, location: 2F
2-1: Called Strike
2-2: Foul Ball, location: 2F
2-2: Ball
3-2: Foul Ball, location: 2F
3-2: Foul Ball, location: 2F
3-2: Fly out, F8 (Flyball, 8LS)
Batting: RHB Parker Smith 0-0: Called Strike
0-1: Swinging Strike
0-2: Ball
1-2: Strikes out swinging
Batting: LHB Mike Cook 0-0: Ball
1-0: Ball
2-0: Foul Ball, location: 2F
2-1: Foul Ball, location: 2F
2-2: Ground out 4-3 (Groundball, 4D)
Top of the 1st over - 0 run(s), 0 hit(s), 0 error(s), 0 left on base; Brinkley 0 - Hialeah 0
BOTTOM OF THE 1ST
Hialeah Dodos batting - Pitching for Brinkley Belugas : RHP Esteban Gómez
Pitching: RHP Esteban Gómez
Batting: SHB Luis Manuel Flores 0-0: Ball
1-0: SINGLE (Line Drive, 9LM)
Batting: RHB Vincente Rotham 0-0: Called Strike
0-1: Swinging Strike
0-2: Foul Ball, location: 2F
0-2: Ball
1-2: Ball
2-2: Strikes out swinging
Batting: LHB Jeff Simpson 0-0: Ball
1-0: SINGLE (Groundball, 6M) (infield hit)
Luis Manuel Flores to second
Batting: LHB Scott Janousek 0-0: Ball
1-0: Ball
2-0: Ball
3-0: Base on Balls
Luis Manuel Flores to third
Jeff Simpson to second
Batting: LHB Raúl Aguirre 0-0: Foul Ball, location: 2F
0-1: Swinging Strike
0-2: Strikes out swinging
Batting: LHB Errol Levick 0-0: Foul Ball, location: 2F
0-1: Ball
1-1: Foul Ball, location: 2F
1-2: Strikes out swinging
Bottom of the 1st over - 0 run(s), 2 hit(s), 0 error(s), 3 left on base; Brinkley 0 - Hialeah 0
TOP OF THE 2ND
Brinkley Belugas batting - Pitching for Hialeah Dodos : RHP Benny York
Batting: RHB Brandon Cole 0-0: Ball
1-0: Swinging Strike
1-1: Ball
2-1: Foul Ball, location: 2F
2-2: Strikes out looking
Batting: RHB Mario Álvarez 0-0: Ball
1-0: Fly out, F8 (Line Drive, 8RM)
Batting: RHB Steve Jones 0-0: Called Strike
0-1: Ball
1-1: Ball
2-1: Fly out, F6 (Popup, 6D)
Top of the 2nd over - 0 run(s), 0 hit(s), 0 error(s), 0 left on base; Brinkley 0 - Hialeah 0
BOTTOM OF THE 2ND
Hialeah Dodos batting - Pitching for Brinkley Belugas : RHP Esteban Gómez
Batting: RHB Diego Bonilla 0-0: Ball
1-0: Foul Ball, location: 2F
1-1: Ball
2-1: Fly out, F9 (Flyball, 9S)
Batting: SHB Juan Ortega 0-0: Ball
1-0: Foul Ball, location: 2F
1-1: Ball
2-1: Foul Ball, location: 2F
2-2: Strikes out swinging
Batting: RHB Jorge Salgado 0-0: Called Strike
0-1: Ball
1-1: Ball
2-1: Foul Ball, location: 2F
2-2: Foul Ball, location: 2F
2-2: Ground out 3-1 (Groundball, 34)
Bottom of the 2nd over - 0 run(s), 0 hit(s), 0 error(s), 0 left on base; Brinkley 0 - Hialeah 0
TOP OF THE 3RD
Brinkley Belugas batting - Pitching for Hialeah Dodos : RHP Benny York
Batting: RHB Edgardo Bello 0-0: Ball
1-0: Ball
2-0: Ball
3-0: Base on Balls
Batting: RHB Enrico Betancourt 0-0: Ball
1-0: Foul Ball, location: 2F
1-1: Ball
2-1: Swinging Strike
2-2: Foul Ball, location: 2F
2-2: Ball
Wild Pitch!
Edgardo Bello to second
3-2: Strikes out swinging
Batting: LHB Harold Wiggins 0-0: Called Strike
0-1: Ball
1-1: Fly out, F8 (Flyball, 8LS)
Batting: LHB Marcos Deleón 0-0: Swinging Strike
0-1: Swinging Strike
0-2: Ball
1-2: Strikes out swinging
Top of the 3rd over - 0 run(s), 0 hit(s), 0 error(s), 1 left on base; Brinkley 0 - Hialeah 0
BOTTOM OF THE 3RD
Hialeah Dodos batting - Pitching for Brinkley Belugas : RHP Esteban Gómez
Batting: SHB Luis Manuel Flores 0-0: Swinging Strike
0-1: SINGLE (Groundball, 34S) (infield hit)
Batting: RHB Vincente Rotham 0-0: Ball
Luis Manuel Flores is caught stealing 2nd base
1-0: Called Strike
1-1: Foul Ball, location: 2F
1-2: Strikes out swinging
Batting: LHB Jeff Simpson 0-0: Fly out, F7 (Flyball, 7LS)
Bottom of the 3rd over - 0 run(s), 1 hit(s), 0 error(s), 0 left on base; Brinkley 0 - Hialeah 0
TOP OF THE 4TH
Brinkley Belugas batting - Pitching for Hialeah Dodos : RHP Benny York
Batting: RHB Parker Smith 0-0: Called Strike
0-1: Foul Ball, location: 2F
0-2: Foul Ball, location: 2F
0-2: Foul Ball, location: 2F
0-2: Ball
1-2: Ball
2-2: Strikes out swinging
Batting: LHB Mike Cook 0-0: Called Strike
0-1: Ball
1-1: Ball
2-1: Foul Ball, location: 2F
2-2: Fly out, F7 (Flyball, 78D)
Batting: RHB Brandon Cole 0-0: Ball
1-0: Fly out, F6 (Popup, 56D)
Top of the 4th over - 0 run(s), 0 hit(s), 0 error(s), 0 left on base; Brinkley 0 - Hialeah 0
BOTTOM OF THE 4TH
Hialeah Dodos batting - Pitching for Brinkley Belugas : RHP Esteban Gómez
Batting: LHB Scott Janousek 0-0: Ball
1-0: Foul Ball, location: 2F
1-1: SINGLE (Line Drive, 34)
Batting: LHB Raúl Aguirre 0-0: Ball
1-0: Ball
2-0: Fly out, F3 (Popup, 3L)
Batting: LHB Errol Levick 0-0: Ball
1-0: Ball
2-0: Ball
3-0: Base on Balls
Scott Janousek to second
Batting: RHB Diego Bonilla 0-0: SINGLE (Groundball, 5L) (infield hit)
Scott Janousek to third
Errol Levick to second
Batting: SHB Juan Ortega 0-0: Called Strike
0-1: Ball
1-1: Ball
2-1: Swinging Strike
2-2: Ball
3-2: Base on Balls
Scott Janousek scores
Errol Levick to third
Diego Bonilla to second
Batting: RHB Jorge Salgado 0-0: Ball
1-0: Fly out, F9 (Flyball, 9LM)
Runner from 3rd tags up, SCORES, throw made
Batting: SHB Luis Manuel Flores 0-0: Ball
1-0: Fielders Choice at 2nd, 4-6 (Groundball, 4)
Bottom of the 4th over - 2 run(s), 2 hit(s), 0 error(s), 1 left on base; Brinkley 0 - Hialeah 2
TOP OF THE 5TH
Brinkley Belugas batting - Pitching for Hialeah Dodos : RHP Benny York
Batting: RHB Mario Álvarez 0-0: Ball
1-0: Ball
2-0: Ball
3-0: Foul Ball, location: 2F
3-1: SINGLE (Groundball, 6) (infield hit)
Batting: RHB Steve Jones 0-0: Ball
1-0: Ball
2-0: Bunt - Flyout! F2
Batting: RHB Edgardo Bello 0-0: Ball
Mario Álvarez is caught stealing 2nd base
1-0: Ground out 5-3 (Groundball, 56)
Top of the 5th over - 0 run(s), 1 hit(s), 0 error(s), 0 left on base; Brinkley 0 - Hialeah 2
BOTTOM OF THE 5TH
Hialeah Dodos batting - Pitching for Brinkley Belugas : RHP Esteban Gómez
Batting: RHB Vincente Rotham 0-0: Ball
1-0: Foul Ball, location: 2F
1-1: Swinging Strike
1-2: SINGLE (Line Drive, 9S)
Pitching: RHP Enrique García
Batting: LHB Jeff Simpson 0-0: Foul Ball, location: 2F
0-1: Called Strike
Vincente Rotham steals 2nd base
0-2: Strikes out looking
Batting: LHB Scott Janousek 0-0: Ball
1-0: Ball
2-0: Called Strike
2-1: Foul Ball, location: 2F
2-2: Ground out 6-3 (Groundball, 6)
Vincente Rotham to third
Batting: LHB Raúl Aguirre 0-0: Intentional Walk
Batting: LHB Errol Levick 0-0: Ball
1-0: Foul Ball, location: 2F
1-1: SINGLE (Flyball, 8RS)
Vincente Rotham scores
Raúl Aguirre to second
Runner from 2nd tries for 3rd, SAFE, throw made to third
Batting: RHB Diego Bonilla 0-0: 3-RUN HOME RUN (Flyball, 7D), Distance : 373 ft
Pitching: RHP Steven Jones
Batting: SHB Juan Ortega 0-0: DOUBLE (Flyball, 89M)
Batting: RHB Jorge Salgado 0-0: Called Strike
0-1: Ball
1-1: Called Strike
1-2: Strikes out swinging
Bottom of the 5th over - 4 run(s), 4 hit(s), 0 error(s), 1 left on base; Brinkley 0 - Hialeah 6
TOP OF THE 6TH
Brinkley Belugas batting - Pitching for Hialeah Dodos : RHP Benny York
Batting: RHB Enrico Betancourt 0-0: Swinging Strike
0-1: Foul Ball, location: 2F
0-2: Ball
1-2: Fly out, F9 (Flyball, 89S)
Batting: LHB Harold Wiggins 0-0: Called Strike
0-1: Foul Ball, location: 2F
0-2: Strikes out swinging
Batting: LHB Marcos Deleón 0-0: Called Strike
0-1: Called Strike
0-2: Ball
1-2: Foul Ball, location: 2F
1-2: Strikes out looking
Top of the 6th over - 0 run(s), 0 hit(s), 0 error(s), 0 left on base; Brinkley 0 - Hialeah 6
BOTTOM OF THE 6TH
Hialeah Dodos batting - Pitching for Brinkley Belugas : RHP Steven Jones
Batting: SHB Luis Manuel Flores 0-0: Called Strike
0-1: Ground out 4-3 (Groundball, 4)
Batting: RHB Vincente Rotham 0-0: Fly out, F5 (Popup, 5D)
Batting: LHB Jeff Simpson 0-0: Ball
1-0: SINGLE (Line Drive, 34)
Batting: LHB Scott Janousek 0-0: Called Strike
0-1: Called Strike
0-2: Ball
1-2: Ball
2-2: Ball
3-2: Foul Ball, location: 2F
3-2: SINGLE (Flyball, 9S)
Jeff Simpson to second
Jeff Simpson to third
Batting: LHB Raúl Aguirre 0-0: Ball
1-0: Ball
2-0: Called Strike
2-1: Foul Ball, location: 2F
2-2: Ball
3-2: Foul Ball, location: 2F
3-2: SINGLE (Line Drive, 4M)
Jeff Simpson scores
Scott Janousek to second
Scott Janousek to third
Batting: LHB Errol Levick 0-0: Ball
1-0: Swinging Strike
1-1: Reached on error, E4 (Groundball, 4MD)
Scott Janousek scores
Raúl Aguirre to third
Batting: RHB Diego Bonilla 0-0: Fly out, F9 (Flyball, 9S)
Bottom of the 6th over - 2 run(s), 3 hit(s), 1 error(s), 2 left on base; Brinkley 0 - Hialeah 8
TOP OF THE 7TH
Brinkley Belugas batting - Pitching for Hialeah Dodos : RHP Benny York
Batting: RHB Parker Smith 0-0: Ball
1-0: Foul Ball, location: 2F
1-1: Foul Ball, location: 2F
1-2: TRIPLE (Line Drive, 9LS)
Batting: LHB Mike Cook 0-0: Ball
1-0: Swinging Strike
1-1: Foul Ball, location: 2F
1-2: Ball
2-2: Strikes out swinging
Batting: RHB Brandon Cole 0-0: Foul Ball, location: 2F
0-1: Ball
1-1: Ball
2-1: Foul Ball, location: 2F
2-2: Strikes out swinging
Batting: RHB Mario Álvarez 0-0: Fly out, F4 (Line Drive, 4)
Top of the 7th over - 0 run(s), 1 hit(s), 0 error(s), 1 left on base; Brinkley 0 - Hialeah 8
BOTTOM OF THE 7TH
Hialeah Dodos batting - Pitching for Brinkley Belugas : RHP Steven Jones
Batting: SHB Juan Ortega 0-0: Ball
1-0: Ball
2-0: Foul Ball, location: 2F
2-1: Swinging Strike
2-2: Ball
3-2: Fly out, F7 (Line Drive, 7)
Batting: RHB Jorge Salgado 0-0: Ball
1-0: Fly out, F8 (Flyball, 8LM)
Batting: SHB Luis Manuel Flores 0-0: Ball
1-0: Swinging Strike
1-1: Ball
2-1: Ball
3-1: Base on Balls
Batting: RHB Vincente Rotham 0-0: Called Strike
0-1: Swinging Strike
0-2: Strikes out swinging
Bottom of the 7th over - 0 run(s), 0 hit(s), 0 error(s), 1 left on base; Brinkley 0 - Hialeah 8
TOP OF THE 8TH
Brinkley Belugas batting - Pitching for Hialeah Dodos : RHP Benny York
Batting: RHB Steve Jones 0-0: Swinging Strike
0-1: Ball
1-1: Called Strike
1-2: Ball
2-2: Ground out 5-3 (Groundball, 56)
Batting: RHB Edgardo Bello 0-0: Ball
1-0: Foul Ball, location: 2F
1-1: Ball
2-1: Called Strike
2-2: Foul Ball, location: 2F
2-2: Foul Ball, location: 2F
2-2: Strikes out swinging
Batting: RHB Enrico Betancourt 0-0: Ball
1-0: Ball
2-0: Called Strike
2-1: Foul Ball, location: 2F
2-2: Ball
3-2: Foul Ball, location: 2F
3-2: Base on Balls
Pitching: LHP Travis Grant
Batting: LHB Harold Wiggins 0-0: Fly out, F8 (Flyball, 78M)
Top of the 8th over - 0 run(s), 0 hit(s), 0 error(s), 1 left on base; Brinkley 0 - Hialeah 8
BOTTOM OF THE 8TH
Hialeah Dodos batting - Pitching for Brinkley Belugas : RHP Steven Jones
Pitching: LHP Ramón García
Batting: LHB Jeff Simpson 0-0: Called Strike
0-1: Swinging Strike
0-2: Foul Ball, location: 2F
0-2: Foul Ball, location: 2F
0-2: Ball
1-2: Ball
2-2: Ball
3-2: Strikes out swinging
Batting: LHB Scott Janousek 0-0: Swinging Strike
0-1: Foul Ball, location: 2F
0-2: Foul Ball, location: 2F
0-2: Ball
1-2: Ball
2-2: Fly out, F7 (Flyball, 7S)
Batting: LHB Raúl Aguirre 0-0: Swinging Strike
0-1: SINGLE (Line Drive, 34D)
Batting: LHB Errol Levick 0-0: Ball
1-0: Ball
2-0: Foul Ball, location: 2F
2-1: Ball
3-1: Swinging Strike
3-2: Foul Ball, location: 2F
3-2: Fly out, F7 (Flyball, 7S)
Bottom of the 8th over - 0 run(s), 1 hit(s), 0 error(s), 1 left on base; Brinkley 0 - Hialeah 8
TOP OF THE 9TH
Brinkley Belugas batting - Pitching for Hialeah Dodos : LHP Travis Grant
Batting: LHB Marcos Deleón 0-0: Foul Ball, location: 2F
0-1: Fly out, F9 (Flyball, 89D)
Batting: RHB Parker Smith 0-0: Foul Ball, location: 2F
0-1: Swinging Strike
0-2: Foul Ball, location: 2F
0-2: Ball
1-2: Fly out, F9 (Flyball, 9LMF)
Batting: LHB Mike Cook 0-0: Ball
1-0: Foul Ball, location: 2F
1-1: SINGLE (Groundball, 34D)
Batting: RHB Brandon Cole 0-0: Swinging Strike
0-1: SINGLE (Groundball, 6MD)
Mike Cook to second
Runner from 2nd tries for 3rd, SAFE, throw made to third
Batting: RHB Mario Álvarez 0-0: Ball
1-0: Ball
2-0: Fly out, F9 (Flyball, 89M)
Top of the 9th over - 0 run(s), 2 hit(s), 0 error(s), 2 left on base; Brinkley 0 - Hialeah 8
Monday, July 10th, 2017 - OOTP Baseball 17.12 Build 75